 Dungeon Crawl Stone Soup version 0.30-a0-596-g0af90f9a20 (webtiles) character file.

Game seed: 1063908839085225744

119 Newt the Shooter (level 5, -6/33 HPs)
             Began as a Kobold Hunter on Jan 6, 2023.
             Killed by nerve-wracking pain
             ... invoked by Grinder
              (14 damage)
             ... on level 3 of the Dungeon.
             The game lasted 00:02:46 (2804 turns).

Newt the Shooter (Kobold Hunter)                    Turns: 2804, Time: 00:02:46

Health: -6/33      AC:  4    Str:  8      XL:     5   Next: 24%
Magic:  5/5        EV: 14    Int: 10      God:
Gold:   113        SH:  0    Dex: 20 (21) Spells: 4/4 levels left

rFire   . . .      SeeInvis .    a - +0 shortbow
rCold   . . .      Faith    .    (shield currently unavailable)
rNeg    . . .      Spirit   .    c - +0 leather armour
rPois   .          Reflect  .    (no helmet)
rElec   .          Harm     .    p - +0 cloak
rCorr   .          Rampage  .    (no gloves)
Will    .....                    (no boots)
Stlth   +++                      (no amulet)
HPRegen 0.25/turn                (no ring)
MPRegen 0.09/turn                (no ring)

@: mighty
A: small, no large weapons, nightstalker 3
a: no special abilities


You were on level 3 of the Dungeon.
You visited 1 branch of the dungeon, and saw 3 of its levels.

You collected 113 gold pieces.

Inventory:

Hand Weapons
 a - a +0 shortbow (weapon)
 m - a +1 short sword of venom
Armour
 c - a +0 leather armour (worn)
 l - a +0 tower shield
 p - a +0 cloak (worn)
Scrolls
 b - a scroll of immolation
 d - 2 scrolls of fear
 f - 3 scrolls of noise
 k - a scroll of magic mapping
 n - a scroll of blinking {unknown}
 o - a scroll of identify
Potions
 e - a potion of might
 g - a potion of brilliance
 h - a potion of degeneration
 i - a potion of heal wounds {unknown}


   Skills:
 - Level 4.0 Fighting
 + Level 6.5 Ranged Weapons
 - Level 2.4 Dodging
 - Level 3.0 Stealth


You had 4 spell levels left.
You didn't know any spells.
Your spell library contained the following spells:

 Spells                   Type           Power      Damage    Failure   Level
 Apportation              Tloc           0%         N/A       50%         1
 Alistair's Intoxication  Tmut/Pois      0%         N/A       100%        5
 Chain Lightning          Conj/Air       0%         N/A       100%        9
 Fire Storm               Conj/Fire      0%         5d1       100%        9
 Shatter                  Erth           0%         3d5*      100%        9


Dungeon Overview and Level Annotations

Branches:
Dungeon (3/15)

Altars:

Shops:
D:1 (

Annotations:
D:3 Grinder


Innate Abilities, Weirdness & Mutations

You are small and have problems with some larger weapons.
You are completely attuned to the shadows.


Message History

Grinder is heavily wounded.
Grinder hits you.
You writhe in agony.
You are too injured to fight recklessly!
Fire: a) +0 shortbow
Press: ? - help, Q - select action Shift-Dir - straight line, f/p - Grinder
Aim: Grinder (heavily wounded, 64% to hit)
You shoot an arrow. The arrow hits Grinder!
Grinder is severely wounded.
Grinder gestures at you. You resist with significant effort.
Fire: a) +0 shortbow
Press: ? - help, Q - select action Shift-Dir - straight line, f/p - Grinder
Aim: Grinder (severely wounded, 64% to hit)
You shoot an arrow. The arrow closely misses Grinder.
Grinder hits you.
You writhe in agony.
Fire: a) +0 shortbow
Press: ? - help, Q - select action Shift-Dir - straight line, f/p - Grinder
Aim: Grinder (severely wounded, 64% to hit)
You shoot an arrow. The arrow closely misses Grinder.
Grinder gestures at you. You resist with significant effort.
Fire: a) +0 shortbow
Press: ? - help, Q - select action Shift-Dir - straight line, f/p - Grinder
Aim: Grinder (severely wounded, 64% to hit)
You shoot an arrow. The arrow hits Grinder!
Grinder is almost dead.
Grinder gestures at you.
You barely resist. Grinder misses you.
Fire: a) +0 shortbow
Press: ? - help, Q - select action Shift-Dir - straight line, f/p - Grinder
Aim: Grinder (almost dead, 64% to hit)
You shoot an arrow. The arrow hits Grinder.
Grinder is almost dead.
Grinder gestures at you. Pain shoots through your body!
* * * LOW HITPOINT WARNING * * *
You feel better. Grinder gestures at you. Pain shoots through your body!
You die...

####.####### #....#
#####.#### ..........
.......)..#### ####
.........# #...
........# #.##
#5#####.# ####.##
#####@#####.# #......
#...........# #......
#.....>.....# #......
#...........# #......
#...........# #......
#..........[# #......
#...........####......
#..........>)<......##
#..........)#########


You could see Grinder.

Vanquished Creatures
  3 gnolls
  5 adders
  A dart slug (D:3)
  4 orcs
  2 bats (D:1)
  3 endoplasms
  A giant cockroach (D:2)
  5 goblins
  2 jackals (D:3)
  3 kobolds
  A quokka (D:2)
  6 ball pythons
  4 frilled lizards
  2 rats (D:1)
42 creatures vanquished.

Notes
Turn   | Place    | Note
-------+----------+-------------------------------------------
     0 | D:1      | Newt the Kobold Hunter began the quest for the Orb.
     0 | D:1      | Reached XP level 1. HP: 12/12 MP: 1/1
    68 | D:1      | Found Juneg's Antique Weapon Shoppe.
   153 | D:1      | Reached XP level 2. HP: 17/17 MP: 2/2
   776 | D:2      | Reached XP level 3. HP: 21/23 MP: 3/3
  1070 | D:2      | Reached XP level 4. HP: 20/29 MP: 4/4
  1350 | D:3      | Found a faded altar of an unknown god.
  1845 | D:2      | Reached skill level 6 in Ranged Weapons
  2134 | D:3      | Reached XP level 5. HP: 33/33 MP: 5/5
  2791 | D:3      | Noticed Grinder
  2793 | D:3      | Paralysed by Grinder for 2 turns
  2804 | D:3      | Killed from afar by Grinder

Illustrated notes

Levels and vault maps discovered:
D:1:      dpeg_arrival_shelter, layout_rooms, serial_shops, shop
D:2:      layout_rooms
D:3:      layout_basic, chequers_ecumenical_altar_simple_redux,
          nicolae_grassy_gnolls, uniq_grinder, uniq_crazy_yiuf_cottage

Skill      XL: |  1  2  3  4 |
---------------+-------------+-----
Stealth        | 2 3 |  3.0
Fighting       | 3 4 |  4.0
Ranged Weapons | 6 |  6.5
Dodging        | |  2.4

Action                   |  1- 3 |  4- 6 || total
-------------------------+-------+-------++-------
 Fire: Shortbow          |    73 |    73 ||   146
  Use: Scroll            |     5 |       ||     5
       Potion            |     2 |     2 ||     4
Armor: Leather armour    |     4 |    12 ||    16
Dodge: Dodged            |    27 |    47 ||    74

Table legend: (Time is in decaauts)
 A = Elapsed time spent in this place.
 B = Non-inter-level travel time spent in this place.
 C = Inter-level travel time spent in this place.
 D = Time resting spent in this place.
 E = Time spent auto-exploring this place.
 F = Levels seen in this place.
 G = Mean time per level.
                   A        B        C        D        E       F      G
               +--------+--------+--------+--------+--------+-----+--------+
         Total |   2844 |   2787 |     57 |    734 |   1729 |   3 |  948.0 |
       Dungeon |   2844 |   2787 |     57 |    734 |   1729 |   3 |  948.0 |
               +--------+--------+--------+--------+--------+-----+--------+

Top non-repeatable levels by time:
     D:2: 1207 daAuts
     D:3: 1060 daAuts
     D:1: 577 daAuts
